AoeStats
← BaLVaL

Arabia

509683166Analyzed
1v1 RM · 4d ago on Sep 27, 2026· 22m 16s· 2 players
Game mode
Random Map
Map size
Tiny (2 player)
Population
200
Speed
Normal
Resources
Standard
Victory
Conquest
Starting age
Dark Age
Ending age
Imperial Age
RankedLock teamsTeams togetherTeam positionsShared explorationLock speedFull tech treeHidden civsTurbo modeCheats
Victory
Defeat
🇨🇱 Bulgarians · Chile
987
+14
🇨🇷 Magyars · Costa Rica
950
-14
BaLVaL
6:00 Loom
12:32 Feudal Age
12:56 Horse Collar
13:06 Gold Mining
13:03 Double-Bit Axe
20:50 Castle Age
20:21 Forging
20:11 Scale Mail Armor
21:31 Squires
21:18 Gambesons
22:29 Bow Saw
22:22 Heavy Plow
Azazel
6:42 Loom
9:07 Feudal Age
11:47 Man-at-Arms
23:55 Castle Age
Connection lost

Rejoining the realm…

Still unreachable

The connection could not be restored.

Session expired

The server has moved on; the page needs a fresh start.